 Dungeon Crawl Stone Soup version 0.27-a0-978-g2aa4ecdaef (webtiles) character file.

Game seed: 15473054731969828436

833 spiderkeys the Insei (level 7, -5/47 HPs)
             Began as an Octopode Transmuter on Apr 15, 2021.
             Killed from afar by Ijyb (10 damage)
             ... with a puff of flame
             ... on level 4 of the Dungeon.
             The game lasted 00:05:50 (5075 turns).

spiderkeys the Insei (Octopode Transmuter)          Turns: 5075, Time: 00:05:51

Health: -5/47      AC:  1    Str: 11    XL:     7   Next: 98%
Magic:  9/10       EV: 18    Int: 16    God:
Gold:   176        SH:  0    Dex: 12    Spells: 8/10 levels left

rFire    . . .     SeeInvis .     - Unarmed
rCold    . . .     Faith    .   (no shield)
rNeg     . . .     Spirit   .   (helmet currently unavailable)
rPois    .         Reflect  .   (no amulet)
rElec    .         Harm     .   h - +4 ring of evasion
rCorr    .         Rampage  .   (no ring)
Will     .....                  (no ring)
Stlth    ++........             (no ring)
HPRegen  0.15/turn              (no ring)
MPRegen  0.12/turn              (no ring)
                                (no ring)
                                (no ring)

@: appendages
A: tentacle spike 3, almost no armour, amphibious, 8 rings, camouflage 1,
gelatinous body 1, (nimble swimmer 1), tentacles
a: End Transformation


You were on level 4 of the Dungeon.
One of your tentacles had grown a beastly spike.
You visited 1 branch of the dungeon, and saw 4 of its levels.

You collected 176 gold pieces.

Inventory:

Missiles
 a - 2 throwing nets
Jewellery
 h - a +4 ring of evasion (left tentacle)
 i - an amulet of faith
Potions
 b - a potion of lignification
 c - 2 potions of flight
 d - a potion of brilliance
 e - a potion of attraction {unknown}


   Skills:
 + Level 3.9 Fighting
 + Level 4.4 Dodging
 * Level 5.9 Unarmed Combat
 - Level 2.0 Spellcasting
 + Level 4.4 Transmutations


You had 8 spell levels left.
You knew the following spells:

 Your Spells              Type           Power      Damage    Failure   Level
a - Beastly Appendage     Tmut           30%        N/A       3%          1
b - Sting                 Tmut/Pois      32%        1d4       9%          1

Your spell library contained the following spells:

 Spells                   Type           Power      Damage    Failure   Level
 Wereblood                Tmut           15%        N/A       4%          2
 Summon Small Mammal      Summ           4%         N/A       21%         1
 Spider Form              Tmut/Pois      4%         N/A       26%         3
 Call Imp                 Summ           1%         N/A       30%         2
 Poisonous Vapours        Pois/Air       2%         N/A       30%         2
 Ignite Poison            Fire/Tmut/Pois 6%         N/A       34%         3
 Call Canine Familiar     Summ           1%         N/A       52%         3
 Mephitic Cloud           Conj/Pois/Air  1%         N/A       52%         3
 Summon Guardian Golem    Hex/Summ       1%         N/A       52%         3
 Ice Form                 Ice/Tmut       8%         N/A       63%         4
 Hydra Form               Tmut           7%         N/A       67%         5
 Olgreb's Toxic Radiance  Pois           1%         N/A       90%         4
 Summon Ice Beast         Ice/Summ       1%         N/A       90%         4
 Summon Lightning Spire   Summ/Air       1%         N/A       90%         4


Dungeon Overview and Level Annotations

Branches:
Dungeon (4/15)
 Temple: D:4-7

Altars:
Cheibriados
Elyvilon
Nemelex Xobeh
Qazlal
Ru
Uskayaw
Xom
Zin
The Shining One

Annotations:
D:4 Ijyb


Innate Abilities, Weirdness & Mutations

One of your tentacles has grown a beastly spike.
You cannot wear most types of armour.
You are amphibious.
You can wear up to eight rings at the same time.
Your skin changes colour to match your surroundings (Stealth+).
Your rubbery body absorbs attacks. (AC +1, EV +1)
((You are camouflaged near water. (Stealth+)))
You have tentacles for arms and can constrict up to eight enemies at once.


Message History

The puff of flame hits you!
You tentacle-slap Ijyb but do no damage.
You pierce Ijyb.
You squeeze Ijyb.
Ijyb is moderately wounded.
You constrict Ijyb, but do no damage. Ijyb closely misses you.
You tentacle-slap Ijyb but do no damage.
You tentacle-slap Ijyb. Your squeeze misses Ijyb.
Ijyb is moderately wounded.
You constrict Ijyb, but do no damage.
Ijyb hits you with a +2 dagger of speed.
Ijyb misses you.
You tentacle-slap Ijyb but do no damage.
You pierce Ijyb, but do no damage.
Your tentacle-slap misses Ijyb.
Ijyb is heavily wounded.
You constrict Ijyb.
Ijyb hits you with a +2 dagger of speed!
You are too injured to fight recklessly!
You are too injured to fight recklessly!
You are too injured to fight recklessly!
You tentacle-slap Ijyb but do no damage.
You pierce Ijyb, but do no damage.
Ijyb is severely wounded.
You constrict Ijyb.
Ijyb hits you with a +2 dagger of speed.
You tentacle-slap Ijyb but do no damage.
Ijyb is severely wounded.
You constrict Ijyb.
Ijyb looks more healthy.
Ijyb barely misses you.
Ijyb zaps a wand.
The puff of flame hits you!
* * * LOW HITPOINT WARNING * * *
You barely miss Ijyb.
Ijyb is severely wounded.
You constrict Ijyb.
Ijyb hits you with a +2 dagger of speed.
* * * LOW HITPOINT WARNING * * *
You tentacle-slap Ijyb but do no damage.
You pierce Ijyb.
Ijyb is almost dead.
You constrict Ijyb, but do no damage.
Ijyb zaps a wand.
The puff of flame hits you!
You die...

#....#..###########..#######...
#....#..####...####..#.........
#....+............+..#.........
#....#............#..'.........
#....#....####'#######.........
#....######.....####....####...
#...............#..+....#.)#...
#...............#..#....#..+...
#.............@.#'##....#..#...
#..............g......>.#'##...
######.....#####...............
#...))....#...'...............
#...#.)...#...#..............)
#...#.....#...#...............
#...##^...#...##############..
#....+....#...#....# #...#..
####....#....#...#....# #...'..


You could see Ijyb.

Vanquished Creatures
  Pikel (D:3)
  An ogre (D:3)
  A scorpion (D:4)
  An orc priest (D:4)
  An orc wizard (D:4)
  A hound skeleton (D:4)
  6 adders
  An adder skeleton (D:4)
  A worm (D:2)
  6 orcs
  7 ball pythons
  8 bats
  10 endoplasms
  5 giant cockroaches
  12 goblins
  9 hobgoblins
  7 jackals
  5 quokkas
  4 frilled lizards
  5 kobolds
92 creatures vanquished.

Vanquished Creatures (others)
  4 plants (D:3)
4 creatures vanquished.

Grand Total: 96 creatures vanquished

Notes
Turn   | Place    | Note
-------+----------+-------------------------------------------
     0 | D:1      | spiderkeys the Octopode Transmuter began the quest for the
                  | Orb.
     0 | D:1      | Reached XP level 1. HP: 13/13 MP: 3/3
   215 | D:1      | Reached XP level 2. HP: 18/18 MP: 3/5
   451 | D:1      | Found a faded altar of an unknown god.
   898 | D:1      | Reached XP level 3. HP: 18/23 MP: 4/6
  1919 | D:2      | Reached XP level 4. HP: 16/29 MP: 5/7
  3359 | D:3      | Noticed an ogre
  3370 | D:3      | Killed an ogre
  3371 | D:3      | Reached skill level 4 in Unarmed Combat
  3371 | D:3      | Reached XP level 5. HP: 20/35 MP: 8/8
  3671 | D:3      | Learned a level 1 spell: Sting
  3702 | D:3      | Found a sparkling altar of Nemelex Xobeh.
  3709 | D:3      | Found a white marble altar of Elyvilon.
  3716 | D:3      | Found a shimmering altar of Xom.
  3716 | D:3      | Found a hide-covered altar of Uskayaw.
  3718 | D:3      | Found a glowing silver altar of Zin.
  3721 | D:3      | Found a sacrificial altar of Ru.
  3722 | D:3      | Found a snail-covered altar of Cheibriados.
  3724 | D:3      | Found a glowing golden altar of the Shining One.
  4221 | D:4      | Reached XP level 6. HP: 37/41 MP: 9/9
  4250 | D:4      | Noticed Pikel
  4271 | D:3      | HP: 2/41 [Pikel/+0 whip of freezing (4)]
  4287 | D:3      | Killed Pikel
  4288 | D:3      | Reached skill level 5 in Unarmed Combat
  4288 | D:3      | Reached XP level 7. HP: 47/47 MP: 10/10
  4632 | D:4      | Found a stormy altar of Qazlal.
  5064 | D:4      | Noticed Ijyb
  5075 | D:4      | Killed from afar by Ijyb

Illustrated notes

Levels and vault maps discovered:
D:1:      dpeg_arrival_boxes_within_box, layout_basic,
          hellmonk_ecumenical_altar_run_dry
D:2:      layout_loops_cross, minmay_diced_spiral
D:3:      layout_rooms, minitemple, serial_forest, infiniplex_forest_lined_1,
          infiniplex_forest_straight_2, infiniplex_forest_clump_tiny,
          infiniplex_forest_clump_curved, infiniplex_forest_straight_4,
          infiniplex_forest_clump_diagonal, minmay_goblin_outpost
D:4:      layout_gridville, grunt_qazlal_clouds, serial_shops, kennysheep_mini,
          uniq_ijyb, uniq_pikel

Skill      XL: |  1  2  3  4  5  6 |
---------------+-------------------+-----
Fighting       | 2 3 |  3.9
Dodging        | 3 4 |  4.4
Unarmed Combat | 4 5 |  5.9
Transmutations | 3 4 |  4.4
Spellcasting   | |  2.0

Action                   |  1- 3 |  4- 6 |  7- 9 || total
-------------------------+-------+-------+-------++-------
Melee: Unarmed           |    81 |    99 |    39 ||   219
       Constrict         |    23 |    19 |     8 ||    50
       Tentacles         |    15 |    10 |     4 ||    29
       Kick              |    17 |    23 |    14 ||    54
       Punch             |     2 |     1 |     2 ||     5
 Cast: Beastly Appendage |    27 |    25 |    13 ||    65
       Sting             |       |       |     1 ||     1
  Use: Scroll            |       |     3 |     1 ||     4
       Potion            |       |     5 |       ||     5
 Stab: Sleeping          |     4 |     1 |     1 ||     6
Armor: Skin              |     8 |    12 |       ||    20
Dodge: Dodged            |    57 |    60 |    19 ||   136

Table legend: (Time is in decaauts)
 A = Elapsed time spent in this place.
 B = Non-inter-level travel time spent in this place.
 C = Inter-level travel time spent in this place.
 D = Time resting spent in this place.
 E = Time spent auto-exploring this place.
 F = Levels seen in this place.
 G = Mean time per level.
                   A        B        C        D        E       F      G
               +--------+--------+--------+--------+--------+-----+--------+
         Total |   5058 |   4945 |    113 |    259 |   4082 |   4 | 1264.5 |
       Dungeon |   5058 |   4945 |    113 |    259 |   4082 |   4 | 1264.5 |
               +--------+--------+--------+--------+--------+-----+--------+

Top non-repeatable levels by time:
     D:1: 1727 daAuts
     D:2: 1280 daAuts
     D:3: 1240 daAuts
     D:4: 809 daAuts
